Map: 新柯尔克辖区 - 锦标赛版 (虚空)

Players

Cham

  • Race: Zerg Zerg
  • Spawn Location: 5:00

Jim - Winner!

  • Race: Protoss Protoss
  • Spawn Location: 7:00

Event: WESG 2016 Finals

VOD

Have the link to the VOD?

Description

Time

  • Played on: Jan. 13, 2017, 4:07 a.m.
  • Length: 11:00

All games in this series

Show
View Real Time Build Order
Export as new Build Order

Cham Zerg 

Build Orders: Hatch First 

Get SALT Encoding   

  12  0:00  Drone  
  13  0:09  Drone  
  14  0:18  Overlord  
  14  0:36  Drone x3  
  17  0:52  Hatchery  
  17  0:56  Drone  
  17  0:59  Drone  
  18  1:07  Extractor  
  17  1:16  Spawning Pool  
  16  1:21  Drone  
  16  1:23  Drone  
  18  1:31  Drone  
  19  1:42  Drone  
  20  1:50  Hatchery  
  19  2:02  Queen  
  19  2:03  Drone  
  19  2:06  Drone  
  23  2:10  Drone  
  24  2:17  Overlord  
  24  2:20  Drone  
  25  2:24  Drone  
  26  2:31  Queen  
  28  2:39  Queen  
  28  2:41  Drone  
  31  2:44  Drone  
  31  2:46  Zergling x2  
  31  2:47  Zergling x2  
  34  2:53  Overlord  
  34  2:59  Zergling x4  
  34  3:04  Zergling x2  
  37  3:07  Zergling x2, Metabolic Boost  
  37  3:10  Drone x2  
  37  3:11  Drone  
  41  3:16  Drone x2  
  43  3:20  Drone  
  43  3:26  Drone  
  44  3:29  Overlord  
  44  3:30  Drone  
  45  3:35  Drone x2  
  47  3:43  Zergling x4  
  47  3:46  Overlord  
  49  3:49  Drone  
  49  3:50  Zergling x4  
  49  3:52  Drone  
  54  3:55  Drone  
  54  3:56  Drone  
  54  4:00  Roach Warren  
  54  4:06  Overlord  
  54  4:07  Drone x5  
  59  4:15  Overlord  
  59  4:17  Drone x3  
  61  4:19  Drone x3  
  61  4:22  Overlord  
  65  4:30  Overlord  
  65  4:40  Roach x6  
  65  4:43  Roach  
  79  4:49  Roach x2, Zergling x4  
  79  4:50  Zergling x6  
  88  4:58  Roach  
  87  5:03  Spore Crawler  
  87  5:04  Spore Crawler, Zergling x2  
  84  5:09  Zergling x4  
  76  5:15  Queen x3  
  76  5:16  Drone  
  76  5:18  Drone  
  76  5:19  Drone x3  
  81  5:23  Spore Crawler  
  75  5:29  Drone  
  75  5:30  Drone x2  
  75  5:32  Zergling x4  
  75  5:34  Drone  
  75  5:35  Drone  
  82  5:37  Drone  
  82  5:39  Drone x2  
  85  5:45  Zergling x4  
  85  5:47  Zergling x6  
  90  6:01  Overlord x4  
  90  6:07  Hatchery  
  89  6:17  Evolution Chamber  
  88  6:19  Queen, Zergling x14  
  88  6:20  Zergling x2  
  88  6:22  Zergling x2  
  88  6:24  Zergling x4  
  101  6:26  Zergling x4  
  101  6:35  Zergling x2  
  101  6:36  Queen, Zergling x6  
  101  6:38  Zergling x4  
  93  6:40  Zergling x2  
  92  6:47  Zerg Melee Weapons Level 1  
  92  6:48  Queen  
  94  6:54  Queen, Zergling x8  
  94  6:55  Zergling x2  
  94  7:00  Zergling x6  
  96  7:10  Zergling x6  
  96  7:13  Zergling x2  
  96  7:14  Zergling x2  
  96  7:15  Zergling x2  
  85  7:17  Zergling x4  
  85  7:18  Zergling x4  
  85  7:21  Zergling x6  
  85  7:22  Zergling x6  
  85  7:28  Zergling x2  
  80  7:30  Zergling x6  
  80  7:36  Zergling x2  
  80  7:37  Zergling x4  
  81  7:42  Queen x3  
  79  7:44  Zergling x4  
  79  7:48  Zergling x6  
  83  7:54  Zergling x6  
  83  7:55  Zergling x6  
  89  8:05  Baneling Nest  
  81  8:09  Zergling x10  
  81  8:11  Zergling x6  
  81  8:12  Zergling x6  
  85  8:15  Zergling x2  
  85  8:16  Zergling x2  
  83  8:21  Queen, Zergling x4  
  83  8:26  Queen  
  88  8:27  Zergling x2  
  89  8:35  Queen x2  
  89  8:37  Zergling x6  
  89  8:51  Zergling x6  
  88  8:57  Queen  
  88  8:58  Zergling x12  
  88  8:59  Zergling x6  
  99  9:06  Baneling x2  
  99  9:07  Baneling x10  
  99  9:09  Baneling x3  
  99  9:11  Zergling x2  
  99  9:14  Zergling x4  
  99  9:16  Zergling x2  
  103  9:17  Baneling x2  
  103  9:23  Zergling x2  
  103  9:24  Zergling x2  
  105  9:25  Zergling x2  
  105  9:26  Zergling x4  
  105  9:27  Zergling x2  
  109  9:31  Zergling x6  
  103  9:44  Zergling x12  
  97  9:49  Zergling x6  
  89  9:57  Zergling x6  
  89  9:58  Queen  
  89  9:59  Queen  
  88  10:04  Zergling x4  
  88  10:07  Zergling x2  
  74  10:12  Zergling x4  
  71  10:15  Zergling x2  
  71  10:21  Zergling x4  
  58  10:28  Zergling x2  
  58  10:35  Zergling x4  
Show
View Real Time Build Order
Export as new Build Order

Jim Protoss - Winner!

Build Orders: Nexus First, Mass Adepts 

Get SALT Encoding   

  12  0:01  Probe (Chrono Boost)  
  13  0:11  Probe (Chrono Boost)  
  14  0:18  Pylon  
  14  0:22  Probe (Chrono Boost)  
  15  0:36  Probe (Chrono Boost)  
  16  0:46  Probe (Chrono Boost)  
  17  1:00  Nexus  
  17  1:10  Gateway  
  17  1:12  Probe (Chrono Boost)  
  18  1:19  Assimilator  
  18  1:23  Probe (Chrono Boost)  
  18  1:25  Assimilator  
  19  1:33  Probe (Chrono Boost)  
  19  1:38  Gateway  
  20  1:44  Probe (Chrono Boost)  
  21  1:55  Probe (Chrono Boost)  
  21  1:57  Cybernetics Core  
  22  2:05  Probe (Chrono Boost)  
  23  2:12  Probe (Chrono Boost)  
  24  2:16  Probe (Chrono Boost)  
  24  2:22  Probe (Chrono Boost), Warp Gate  
  26  2:26  Probe (Chrono Boost)  
  27  2:30  Adept x2  
  27  2:34  Probe (Chrono Boost)  
  33  2:38  Probe (Chrono Boost)  
  33  2:46  Probe (Chrono Boost), Pylon  
  33  2:50  Probe (Chrono Boost)  
  36  2:58  Probe (Chrono Boost)  
  36  3:00  Mothership Core (Chrono Boost)  
  36  3:04  Adept x2  
  42  3:10  Probe (Chrono Boost)  
  43  3:13  Pylon  
  43  3:19  Probe (Chrono Boost)  
  44  3:23  Probe (Chrono Boost)  
  45  3:29  Probe (Chrono Boost)  
  45  3:30  Twilight Council  
  46  3:37  Probe (Chrono Boost)  
  47  3:41  Probe (Chrono Boost)  
  47  3:43  Gateway  
  47  3:45  Adept, Gateway  
  51  3:50  Probe (Chrono Boost), Adept  
  51  3:53  Resonating Glaives, Pylon  
  54  3:56  Probe (Chrono Boost)  
  54  4:00  Pylon  
  54  4:02  Assimilator  
  54  4:08  Assimilator  
  54  4:13  Probe x2 (Chrono Boost)  
  56  4:19  Pylon  
  58  4:24  Probe (Chrono Boost)  
  58  4:25  Probe (Chrono Boost)  
  58  4:28  Adept x2  
  62  4:35  Probe (Chrono Boost)  
  63  4:39  Stalker  
  63  4:43  Stargate x2  
  66  4:45  Probe (Chrono Boost)  
  66  4:52  Adept  
  68  4:53  Adept  
  70  5:08  Adept x2  
  68  5:19  Probe (Chrono Boost)  
  63  5:22  Adept x2  
  63  5:24  Probe (Chrono Boost)  
  63  5:28  Phoenix  
  66  5:30  Phoenix  
  66  5:31  Probe (Chrono Boost)  
  67  5:35  Protoss Air Weapons Level 1  
  67  5:38  Adept  
  67  5:39  Adept  
  71  5:44  Nexus  
  71  5:45  Adept  
  71  5:48  Adept  
  75  5:51  Pylon  
  75  5:53  Phoenix  
  77  6:06  Phoenix  
  79  6:12  Adept x2  
  79  6:13  Pylon  
  79  6:14  Adept  
  85  6:20  Pylon  
  85  6:27  Phoenix  
  85  6:35  Adept x3  
  85  6:36  Adept  
  93  6:43  Phoenix  
  95  6:50  Phoenix  
  95  6:51  Probe x2 (Chrono Boost)  
  95  6:53  Pylon  
  99  6:57  Probe (Chrono Boost)  
  100  7:04  Phoenix  
  102  7:12  Phoenix  
  93  7:23  Probe (Chrono Boost)  
  93  7:26  Phoenix  
  91  7:34  Phoenix  
  91  7:35  Probe (Chrono Boost)  
  90  7:39  Probe (Chrono Boost)  
  90  7:40  Probe (Chrono Boost)  
  86  7:45  Adept x4  
  86  7:47  Probe (Chrono Boost)  
  86  7:48  Phoenix  
  86  7:49  Probe (Chrono Boost)  
  93  7:52  Probe (Chrono Boost), Assimilator  
  93  7:54  Gateway  
  93  7:56  Phoenix  
  96  7:59  Probe (Chrono Boost)  
  96  8:00  Probe (Chrono Boost)  
  96  8:04  Probe (Chrono Boost)  
  98  8:09  Phoenix  
  98  8:11  Adept  
  98  8:12  Adept x3  
  102  8:17  Phoenix  
  104  8:24  Probe (Chrono Boost)  
  104  8:25  Probe (Chrono Boost)  
  104  8:26  Probe (Chrono Boost)  
  109  8:31  Phoenix  
  109  8:32  Adept x2  
  109  8:33  Adept x2  
  119  8:41  Probe x2 (Chrono Boost)  
  118  8:53  Adept x3  
  124  8:56  Pylon  
  124  8:57  Pylon  
  124  9:01  Pylon  
  124  9:06  Gateway  
  124  9:08  Pylon  
  124  9:10  Phoenix x2  
  124  9:15  Sentry  
  124  9:16  Adept x2  
  134  9:17  Sentry  
  134  9:23  Adept  
  138  9:30  Probe x2 (Chrono Boost), Assimilator  
  140  9:31  Pylon  
  140  9:32  Phoenix x2, Forge  
  133  9:47  Adept x5  
  94  10:08  Adept x3  
  86  10:38  Adept x2  
  86  10:39  Adept x2  
  90  10:51  Pylon  
Tags
 
Add a new tag
Caveats
  • Supply blocks, unpowered buildings, or Contaminate may cause inaccurate times.
  • Supply counts are checked every 10 seconds.